 Dungeon Crawl Stone Soup version 0.31-a0-870-g10ed682358 (webtiles) character file.

Game seed: 16062041054433428099

488 IcyTea the Cudgeller (level 6, 0/53 HPs)
             Began as an Armataur Fighter on Oct 12, 2023.
             Slain by a gnoll
             ... wielding a +0 heavy halberd
              (20 damage)
             ... on level 4 of the Dungeon.
             The game lasted 00:08:37 (3500 turns).

IcyTea the Cudgeller (Armataur Fighter)             Turns: 3500, Time: 00:08:38

Health: 0/53       AC: 10    Str: 28    XL:     6   Next: 90%
Magic:  6/6        EV:  7    Int: 10    God:
Gold:   124        SH:  4    Dex:  9    Spells: 5/5 levels left

rFire   . . .        w - +0 hammer
rCold   . . .        c - +0 buckler
rNeg    . . .        t - +0 scale mail
rPois   +            x - +0 helmet
rElec   .            v - +1 cloak
rCorr   .            (no gloves)
SInv    .            (no barding)
Will    .....        (no amulet) Stlth
                     q - ring of poison resistance
HPRegen 0.28/turn    s - +6 ring of strength
MPRegen 0.10/turn

%: roll
@: no status effects
A: large, rugged brown scales 3, deformed body, armoured tail, roll, long
tongue, awkward tongue
a: no special abilities


You were on level 4 of the Dungeon.
You visited 1 branch of the dungeon, and saw 4 of its levels.

You collected 124 gold pieces.

Inventory:

Hand Weapons
 a - a +0 flail
 b - the +5 sling of Laceration {flame, rF+}
   (You found it on level 3 of the Dungeon)

   rF+:       It protects you from fire.
 w - a +0 hammer (weapon)
Armour
 c - a +0 buckler (worn)
 t - a +0 scale mail (worn)
 v - a +1 cloak (worn)
 x - a +0 helmet (worn)
Jewellery
 q - a ring of poison resistance (left hand)
 s - a +6 ring of strength (right hand)
Wands
 k - a wand of flame (22)
Scrolls
 e - a scroll of fear {unknown}
 g - a scroll of teleportation {unknown}
 h - a scroll of blinking {unknown}
 i - 3 scrolls of identify {unknown}
 j - 2 scrolls of summoning {unknown}
 o - a scroll of fog {unknown}
 r - 2 scrolls of noise {unknown}
 u - a scroll of enchant armour {unknown}
 y - a scroll of acquirement {unknown}
 z - a scroll of amnesia {unknown}
Potions
 d - a potion of might
 f - a potion of lignification {unknown}
 l - a potion of invisibility {unknown}
 m - 3 potions of attraction {unknown}
 n - 2 potions of brilliance {unknown}
 p - 2 potions of heal wounds {unknown}
 A - a potion of berserk rage {unknown}


   Skills:
 - Level 2.6 Fighting
 + Level 6.9 Maces & Flails
 - Level 3.6 Armour
 - Level 3.2 Shields


You had 5 spell levels left.
You didn't know any spells.
Your spell library contained the following spells:

 Spells                   Type           Power      Damage    Failure   Level
 Magic Dart               Conj           0%         1d3       67%         1
 Call Imp                 Summ           0%         N/A       82%         2
 Ignite Poison            Fire/Tmut/Pois 0%         N/A       96%         3
 Mephitic Cloud           Conj/Pois/Air  0%         N/A       96%         3
 Animate Dead             Necr           0%         N/A       100%        4
 Sticky Flame             Conj/Fire      0%         2d3       100%        4
 Borgnjor's Vile Clutch   Necr/Erth      0%         N/A       100%        5
 Death Channel            Necr           0%         N/A       100%        6
 Ignition                 Fire           0%         3d3       100%        8


Dungeon Overview and Level Annotations

Branches:
Dungeon (4/15)
 Temple: D:4-7

Altars:
Makhleb


Innate Abilities, Weirdness & Mutations

You are completely covered in rugged brown scales. (AC +3, +7% HP)
Armour fits poorly on your strangely shaped body.
You have a long armoured tail.
You roll when moving toward enemies. (Rampage)
Your long tongue fully drains potion bottles. (2x potion effects)
Your tongue gives you trouble enunciating. (1.5x scroll delay)


Message History

The gnoll hits you from afar with a +0 spear.
The gnoll barely misses you.
The gnoll shouts!
You hit the gnoll.
The gnoll is lightly wounded.
The gnoll hits you but does no damage.
You sock the gnoll!
The gnoll is severely wounded.
The gnoll hits you but does no damage.
You barely miss the gnoll.
The gnoll is severely wounded.
The gnoll shouts!
The gnoll hits you with a +0 spear.
You hit the gnoll.
The gnoll is severely wounded.
You block the gnoll's attack. The gnoll hits you but does no damage.
The gnoll barely misses you.
You hit the gnoll. You tail-slap the gnoll.
You kill the gnoll!
The gnoll hits you but does no damage.
The gnoll hits you from afar with a +0 heavy halberd!
The gnoll hits you with a +0 spear.
You see here a +0 spear.
You hit the gnoll.
The gnoll is moderately wounded.
The gnoll hits you from afar with a +0 heavy halberd.
The gnoll barely misses you.
You hit the gnoll.
Your tail-slap misses the gnoll.
The gnoll is heavily wounded.
The gnoll hits you with a +0 spear.
You hit the gnoll.
The gnoll is severely wounded.
You block the gnoll's attack. The gnoll hits you with a +0 spear.
You closely miss the gnoll.
The gnoll is severely wounded.
The gnoll barely misses you. The gnoll hits you but does no damage.
You hit the gnoll. You tail-slap the gnoll.
You kill the gnoll!
The gnoll hits you from afar with a +0 heavy halberd!!
You die...

#.....# #.....≈§≈§≈≈.§
#.....# ##.....≈≈8§§§..
#.....# #......§≈§§§≈..
#.....# #......§≈§§≈≈..
#.....# #......§≈§≈≈§..
#.....# #........§.§§..
#...(.# ###..............
#.....####...####.....§...
#.....gg)@.#### ###...####
#####.####....# #...#
#####..####....#####...####
#...)>.............+.......
#.###....##.(..#####...####
#.# #....######### #...# #
#.# #............# #...#
#.# #....#######.#######
#.# #....#....†...#


You could see 2 gnolls.

Vanquished Creatures
  A black bear (D:4)
  A jelly (D:4)
  Crazy Yiuf (D:3)
  An orc priest (D:4)
  Natasha (twice) (D:3)
  An iguana (D:4)
  An orc wizard (D:4)
  Terence (D:2)
  6 gnolls (D:4)
  5 adders
  2 dart slugs
  3 orcs
  14 endoplasms
  2 giant cockroaches
  8 goblins
  9 hobgoblins
  4 quokkas
  10 ball pythons
  9 bats
  3 frilled lizards
  10 kobolds
  3 rats
97 creatures vanquished.

Notes
Turn   | Place    | Note
-------+----------+-------------------------------------------
     0 | D:1      | IcyTea the Armataur Fighter began the quest for the Orb.
     0 | D:1      | Reached XP level 1. HP: 19/19 MP: 1/1
    26 | D:1      | Reached skill level 2 in Maces & Flails
    32 | D:1      | Reached XP level 2. HP: 14/26 MP: 2/2
   230 | D:1      | Reached skill level 3 in Maces & Flails
   382 | D:1      | Reached XP level 3. HP: 26/32 MP: 3/3
   769 | D:1      | Found a faded altar of an unknown god.
   832 | D:2      | Noticed Terence
   843 | D:2      | Killed Terence
   945 | D:2      | Reached skill level 4 in Maces & Flails
   945 | D:2      | Reached XP level 4. HP: 39/39 MP: 4/4
  1875 | D:3      | Noticed Natasha
  1879 | D:3      | Killed Natasha
  1880 | D:3      | Reached XP level 5. HP: 32/44 MP: 5/5
  1960 | D:3      | Identified the +5 sling of Laceration {flame, rF+}
  2321 | D:3      | Noticed Natasha
  2325 | D:3      | Killed Natasha
  2326 | D:3      | Reached skill level 5 in Maces & Flails
  2383 | D:3      | Found a runed translucent door.
  2384 | D:3      | Noticed Crazy Yiuf
  2448 | D:3      | Killed Crazy Yiuf
  2689 | D:4      | Reached XP level 6. HP: 18/53 MP: 6/6
  2815 | D:4      | Found a burning altar of Makhleb.
  3053 | D:4      | Reached skill level 6 in Maces & Flails
  3500 | D:4      | Slain by a gnoll

Illustrated notes

Levels and vault maps discovered:
D:1:      eino_arrival_water_cross, layout_basic,
          dreamdust_ecumenical_altar_sealed_demon
D:2:      layout_loops_ring, uniq_terence
D:3:      layout_loops_ring, serial_glass, glass_columns_c, glass_columns_b,
          uniq_natasha, uniq_crazy_yiuf_cottage
D:4:      layout_basic, general_overflow_altar

Skill      XL: |  1  2  3  4  5  6 |
---------------+-------------------+-----
Maces & Flails | 2 3 4 5 6 |  6.9
Fighting       | |  2.6
Armour         | |  3.6
Shields        | |  3.2

Action                     |  1- 3 |  4- 6 || total
---------------------------+-------+-------++-------
  Melee: Flail             |   117 |   101 ||   218
         Tailslap          |     4 |    24 ||    28
         Mace              |       |   106 ||   106
   Fire: Sling             |       |     4 ||     4
  Evoke: Wand              |       |     1 ||     1
 Armour: Scale mail        |   103 |   186 ||   289
  Dodge: Dodged            |    49 |    71 ||   120
  Block: Buckler           |    28 |    40 ||    68

Table legend: (Time is in decaauts)
 A = Elapsed time spent in this place.
 B = Non-inter-level travel time spent in this place.
 C = Inter-level travel time spent in this place.
 D = Time resting spent in this place.
 E = Time spent auto-exploring this place.
 F = Levels seen in this place.
 G = Mean time per level.
                   A        B        C        D        E       F      G
               +--------+--------+--------+--------+--------+-----+--------+
         Total |   3564 |   3455 |    109 |    520 |   1967 |   4 |  891.0 |
       Dungeon |   3564 |   3455 |    109 |    520 |   1967 |   4 |  891.0 |
               +--------+--------+--------+--------+--------+-----+--------+

Top non-repeatable levels by time:
     D:3: 1101 daAuts
     D:1: 839 daAuts
     D:2: 831 daAuts
     D:4: 791 daAuts
